[Event "December 5 Early 2023"]
[Site "https://www.chess.com"]
[Date "2023.12.05"]
[Round "6"]
[White "titledsquirrel2007"]
[Black "Urbina Perez, Juan Antonio"]
[Result "0-1"]
[Board "147"]
[TimeControl "180+1"]
[BlackFideId "2217368"]
[WhiteElo "2331"]
[BlackElo "2511"]
[BlackTeam "ESP"]
[WhiteClock "0:00:16"]
[BlackClock "0:00:18"]

1. f4 d5 2. Nf3 Bg4 3. e3 Bxf3 4. Qxf3 c6 5. d3 Nd7 6. g3 e5 7. Bg2 Ngf6 8. O-O Bd6 9. Nd2 Qc7 10. b3 h5 11. h3 O-O-O 12. Bb2 Rde8 13. Rfe1 Qb6 14. Kh1 e4 15. Qf2 exd3 16. cxd3 Bc5 17. Nf1 Bd6 18. Rad1 Kb8 19. Qc2 h4 20. g4 d4 21. Bxd4 Qa5 22. Nd2 Nd5 23. Nc4 Qc7 24. Nxd6 Qxd6 25. Qf2 f6 26. Bb2 Rhf8 27. a3 g5 28. f5 Rf7 29. b4 Rfe7 30. e4 Nf4 31. Qd4 Qc7 32. Qf2 Ne5 33. d4 Ned3 34. Qf3 Nxe1 35. Rxe1 Nxg2 36. Kxg2 a5 37. e5 axb4 38. axb4 Qb6 39. Bc3 Qa6 40. e6 Qa2+ 41. Re2 Qd5 42. Rd2 b5 43. Kf2 Kb7 44. Bb2 Ra8 45. Rc2 Ra2 46. Ke2 Kb6 47. Qxd5 cxd5 48. Kd1 Rc7 49. Rxc7 Kxc7 50. Kc2 Kd6 51. Kb3 Ra8 52. Bc3 Rc8 53. Bd2 Rc4 54. Be3 Ke7 55. Bf2 Rc1 0-1

[Event "December 5 Early 2023"]
[Site "https://www.chess.com"]
[Date "2023.12.05"]
[Round "6"]
[White "Tharushi, T H D Niklesha"]
[Black "Kurmangaliyeva, Liya"]
[Result "0-1"]
[Board "148"]
[TimeControl "180+1"]
[WhiteFideId "9918264"]
[BlackFideId "13725831"]
[WhiteElo "2321"]
[BlackElo "2510"]
[WhiteTeam "SRI"]
[BlackTeam "KAZ"]
[WhiteClock "0:00:15"]
[BlackClock "0:00:20"]

1. e4 c5 2. Nf3 e6 3. d4 cxd4 4. Nxd4 a6 5. c4 Nf6 6. Nc3 Qc7 7. Be3 Bb4 8. Qd3 b6 9. f3 Bb7 10. a3 Bxc3+ 11. Qxc3 Nc6 12. Be2 Rc8 13. Rc1 O-O 14. g4 d6 15. h4 Nd7 16. h5 Rfe8 17. h6 Nxd4 18. Qxd4 e5 19. Qd2 g6 20. b4 Nf8 21. Bd3 Ne6 22. Qf2 b5 23. O-O bxc4 24. Bxc4 Qe7 25. Qh2 Red8 26. Qe2 Ra8 27. Rc2 Qh4 28. Qd1 Qf6 29. Rg2 Nf4 30. Bxf4 Qxf4 31. Qd2 Rac8 32. Qxf4 exf4 33. Bd3 Rc3 34. Be2 Rxa3 35. Rd1 d5 36. exd5 Rxd5 37. Rxd5 Bxd5 38. b5 axb5 39. Bxb5 Kf8 40. Rf2 Ke7 41. Be2 Re3 42. Kg2 Kf6 43. Bd1 Kg5 44. Be2 Kxh6 45. Bd1 Kg5 46. Rd2 Be6 47. Rc2 Kh4 48. Rc5 h6 49. Rc2 Re1 50. Rf2 Rxd1 51. Kh2 Kg5 52. Rg2 Rd3 53. Rf2 Re3 54. Kg2 Bd5 55. Rf1 h5 56. gxh5 Kxh5 57. Rh1+ Kg5 58. Rf1 Bxf3+ 59. Kg1 Bg4 60. Rf2 Re2 61. Kh2 Rxf2+ 0-1

[Event "December 5 Early 2023"]
[Site "https://www.chess.com"]
[Date "2023.12.05"]
[Round "6"]
[White "Shinkarev, M"]
[Black "Antonio, Jorge Carlos"]
[Result "0-1"]
[Board "149"]
[TimeControl "180+1"]
[WhiteFideId "4145348"]
[BlackFideId "113190"]
[WhiteElo "2506"]
[BlackElo "2306"]
[WhiteTeam "RUS"]
[BlackTeam "ARG"]
[WhiteClock "0:00:41"]
[BlackClock "0:00:35"]

1. c4 e5 2. g3 c6 3. d4 e4 4. d5 Bb4+ 5. Bd2 Qe7 6. Nc3 f5 7. a3 Bxc3 8. Bxc3 d6 9. e3 c5 10. Ne2 Nf6 11. Nf4 Nbd7 12. Bg2 Ne5 13. O-O O-O 14. b4 b6 15. f3 exf3 16. Bxf3 Nxc4 17. Re1 Ne5 18. Bg2 c4 19. b5 Bd7 20. a4 Ne4 21. Bd4 Rac8 22. Qc2 g5 23. Ne6 Bxe6 24. dxe6 Qxe6 25. Rad1 Nd3 26. Rxd3 cxd3 27. Qxd3 d5 28. Ba1 Rc4 29. Qe2 Rfc8 30. Qb2 Rc3 31. Rd1 Kf7 32. Qe2 Rc2 33. Qd3 R8c4 34. Rf1 Rd2 35. Qb1 Rcc2 36. Bh3 g4 37. Bxg4 Rg2+ 38. Kh1 Rxh2+ 39. Kg1 Rcg2# 0-1

[Event "December 5 Early 2023"]
[Site "https://www.chess.com"]
[Date "2023.12.05"]
[Round "6"]
[White "Rodriguez Fontecha, Marcos"]
[Black "Sarkar, Justin"]
[Result "1-0"]
[Board "150"]
[TimeControl "180+1"]
[WhiteFideId "2256576"]
[BlackFideId "2010011"]
[WhiteElo "2504"]
[BlackElo "2298"]
[WhiteTeam "ESP"]
[BlackTeam "USA"]
[WhiteClock "0:00:17"]
[BlackClock "0:00:00"]

1. d4 d5 2. Bf4 Nc6 3. Nf3 Bg4 4. g3 Bxf3 5. exf3 e6 6. Bg2 Bd6 7. Be3 Nge7 8. O-O O-O 9. c3 e5 10. Nd2 exd4 11. Bxd4 Nxd4 12. cxd4 Nf5 13. Qb3 Nxd4 14. Qxd5 Bxg3 15. Qxb7 Ne2+ 16. Kh1 Bxh2 17. f4 Bxf4 18. Nf3 Qf6 19. Bh3 Nd4 20. Nxd4 Qxd4 21. Rae1 Rab8 22. Qe4 Qf6 23. b3 Rb5 24. Qf3 g6 25. Re4 Bg5 26. Qe2 Qg7 27. Qxb5 f5 28. Re8 Qh6 29. Qd5+ Kg7 30. Qd7+ Kh8 31. Rxf8+ Qxf8 32. Re1 1-0

[Event "December 5 Early 2023"]
[Site "https://www.chess.com"]
[Date "2023.12.05"]
[Round "6"]
[White "Budrewicz, Krzysztof"]
[Black "Fernandez Siles, Luis"]
[Result "1-0"]
[Board "151"]
[TimeControl "180+1"]
[WhiteFideId "1127950"]
[BlackFideId "2209420"]
[WhiteElo "2504"]
[BlackElo "2297"]
[WhiteTeam "POL"]
[BlackTeam "ESP"]
[WhiteClock "0:01:25"]
[BlackClock "0:00:36"]

1. d4 Nf6 2. c4 g6 3. Nc3 d5 4. Nf3 Bg7 5. h4 dxc4 6. e4 b5 7. e5 Nd5 8. Nxb5 Nb6 9. Nc3 Bb7 10. h5 gxh5 11. Rxh5 Nc6 12. Be3 Nb4 13. a3 N4d5 14. Qc2 Qd7 15. O-O-O Nxc3 16. Qxc3 Bd5 17. Be2 Rb8 18. Rd2 Qc6 19. e6 Na4 20. Qa5 fxe6 21. Rc2 O-O 22. Ne5 Qb7 23. Qxa4 Be4 24. Bxc4 Bxc2 25. Bxe6+ Kh8 26. Qxc2 1-0

[Event "December 5 Early 2023"]
[Site "https://www.chess.com"]
[Date "2023.12.05"]
[Round "6"]
[White "Alikhanov, Felix"]
[Black "Llari, Marc"]
[Result "1-0"]
[Board "152"]
[TimeControl "180+1"]
[WhiteFideId "4157427"]
[BlackFideId "651044269"]
[WhiteElo "2496"]
[BlackElo "2295"]
[WhiteTeam "RUS"]
[BlackTeam "FRA"]
[WhiteClock "0:01:15"]
[BlackClock "0:01:15"]

1. e4 e6 2. d4 d5 3. Nd2 c5 4. Ngf3 Nc6 5. exd5 exd5 6. Bb5 a6 7. Bxc6+ bxc6 8. O-O Bd6 9. dxc5 Bxc5 10. Nb3 Bd6 11. Nfd4 Ne7 12. Re1 O-O 13. Bg5 f6 14. Bh4 Qc7 15. Bg3 Nf5 16. Nxf5 Bxf5 17. Nd4 Bd7 18. Re7 Bxg3 19. hxg3 Qd6 20. Qe2 Rae8 21. Re1 c5 22. Nf5 Rxe7 23. Nxd6 Rxe2 24. Rxe2 Rd8 25. Nb7 Rc8 26. Re7 Bb5 27. Nd6 Rd8 28. Nf5 g6 29. Nh6+ Kf8 30. Rxh7 d4 31. Ng4 c4 32. Nxf6 d3 33. cxd3 cxd3 34. Rh8+ Ke7 35. Rxd8 Kxd8 36. Ne4 Ke7 37. f3 Ke6 38. Kf2 Kd5 39. Ke3 Kc4 40. Nd6+ Kb4 41. Nxb5 axb5 42. Kxd3 1-0

[Event "December 5 Early 2023"]
[Site "https://www.chess.com"]
[Date "2023.12.05"]
[Round "6"]
[White "Kopczynski, Michal"]
[Black "Hon, Eric"]
[Result "1-0"]
[Board "153"]
[TimeControl "180+1"]
[WhiteFideId "1124200"]
[BlackFideId "2097117"]
[WhiteElo "2492"]
[BlackElo "2268"]
[WhiteTeam "POL"]
[BlackTeam "USA"]
[WhiteClock "0:01:43"]
[BlackClock "0:00:27"]

1. e4 c5 2. d4 cxd4 3. c3 dxc3 4. Nxc3 Nc6 5. f4 e6 6. Nf3 Nge7 7. Bd3 Ng6 8. O-O Bc5+ 9. Kh1 O-O 10. Qe1 d6 11. Qg3 f5 12. exf5 exf5 13. Bc4+ Kh8 14. Ng5 Qe8 15. Bd2 Bd7 16. Rae1 Nce7 17. Nd5 Bc6 18. Nc7 Qd7 19. Nxa8 d5 20. Bb3 Rxa8 21. Bc3 Bb6 22. Qh3 Kg8 23. Qxh7+ 1-0

[Event "December 5 Early 2023"]
[Site "https://www.chess.com"]
[Date "2023.12.05"]
[Round "6"]
[White "Dyulgerov, Volen"]
[Black "Tikhonov, Viacheslav"]
[Result "0-1"]
[Board "154"]
[TimeControl "180+1"]
[WhiteFideId "2918978"]
[BlackFideId "44196407"]
[WhiteElo "2252"]
[BlackElo "2491"]
[WhiteTeam "BUL"]
[BlackTeam "RUS"]
[WhiteClock "0:00:02"]
[BlackClock "0:00:20"]

1. e4 c5 2. Nf3 g6 3. d4 cxd4 4. c3 Bg7 5. Bc4 Nf6 6. e5 Ne4 7. Qxd4 f5 8. exf6 Nxf6 9. Ne5 d5 10. Bb5+ Bd7 11. Nxd7 Nbxd7 12. c4 O-O 13. cxd5 Qa5+ 14. Nc3 Ne4 15. Qxe4 Bxc3+ 16. bxc3 Qxc3+ 17. Bd2 Qxa1+ 18. Ke2 Qe5 19. Qxe5 Nxe5 20. Bc3 a6 21. Ba4 b5 22. Bb3 Nc4 23. h4 Rf5 24. g4 Rxd5 25. h5 g5 26. h6 Rd6 27. Kf3 Rf8+ 28. Kg3 Rf4 29. Re1 Kf8 30. a4 Rxh6 31. axb5 axb5 32. Ra1 Rd6 33. Ra8+ Kf7 34. Ra5 Rd3+ 35. f3 Rxc3 36. Rxb5 Rfxf3+ 37. Kg2 Rxb3 38. Rc5 Rg3+ 39. Kh2 Rh3+ 40. Kg2 Rbg3+ 41. Kf1 Nd2+ 42. Kf2 Ne4+ 43. Kf1 Rh1+ 44. Ke2 Rh2+ 45. Kf1 Nd2+ 46. Ke1 Rg1# 0-1

[Event "December 5 Early 2023"]
[Site "https://www.chess.com"]
[Date "2023.12.05"]
[Round "6"]
[White "Palmer, Reegan"]
[Black "Herman, Matthew"]
[Result "0-1"]
[Board "155"]
[TimeControl "180+1"]
[WhiteFideId "14322145"]
[BlackFideId "2028964"]
[WhiteElo "2225"]
[BlackElo "2489"]
[WhiteTeam "RSA"]
[BlackTeam "USA"]
[WhiteClock "0:00:03"]
[BlackClock "0:00:07"]

1. e4 e5 2. Nf3 Nc6 3. Bb5 a6 4. Ba4 Nf6 5. O-O Be7 6. d3 b5 7. Bb3 d6 8. c3 O-O 9. a4 Rb8 10. d4 Bg4 11. axb5 axb5 12. d5 Nxe4 13. dxc6 Nc5 14. h3 Nxb3 15. Qxb3 Be6 16. Qc2 Bd5 17. Ra6 Qc8 18. Ra7 Bxc6 19. Ng5 g6 20. c4 bxc4 21. Qxc4 Bb5 22. Qh4 Bxg5 23. Bxg5 Bxf1 24. Bf6 Qf5 25. g4 Qf3 26. Kxf1 Rxb2 27. Ra3 Qh1# 0-1

[Event "December 5 Early 2023"]
[Site "https://www.chess.com"]
[Date "2023.12.05"]
[Round "6"]
[White "Kovalevsky, Stanislav"]
[Black "Cagara, Paulina"]
[Result "1/2-1/2"]
[Board "156"]
[TimeControl "180+1"]
[WhiteFideId "13508598"]
[BlackFideId "1124870"]
[WhiteElo "2486"]
[BlackElo "2221"]
[WhiteTeam "FID"]
[BlackTeam "POL"]
[WhiteClock "0:00:23"]
[BlackClock "0:00:37"]

1. e4 c6 2. c4 d5 3. cxd5 cxd5 4. exd5 Nf6 5. Nc3 Nxd5 6. Bc4 e6 7. Nf3 Nc6 8. O-O Be7 9. d4 O-O 10. Qe2 Nf6 11. Rd1 Nb4 12. Bg5 b6 13. a3 Nbd5 14. Bxf6 Bxf6 15. Ne4 Be7 16. h4 Bb7 17. h5 h6 18. Bd3 Nf4 19. Qe3 Nxd3 20. Rxd3 Qd5 21. Nc3 Qxh5 22. d5 Bc5 23. Qe5 Qxe5 24. Nxe5 Rad8 25. Rad1 exd5 26. Nxd5 Kh7 27. b4 Rxd5 28. Rxd5 Bxd5 29. Rxd5 Be7 30. Rd7 Bf6 31. Nxf7 Bb2 32. a4 a5 33. b5 Rc8 34. g3 Rc4 35. Rb7 Rxa4 36. Rxb6 Ra2 37. Ra6 Bd4 38. Nd6 Bxf2+ 39. Kg2 Bc5+ 40. Kf3 Bxd6 41. Rxd6 a4 42. Ra6 a3 43. b6 Rb2 44. Rxa3 Rxb6 45. Kf4 Rb4+ 46. Kf5 h5 47. Kg5 Rb5+ 48. Kh4 Kh6 49. Ra6+ g6 50. Ra8 g5+ 51. Kh3 Rb6 52. Ra3 Kg6 53. Kg2 Kf5 54. Ra5+ Kg4 55. Ra4+ Kf5 56. Ra5+ Kg6 57. Ra4 Rb3 58. Ra2 h4 59. gxh4 gxh4 60. Kh2 Kg5 61. Ra5+ Kg4 62. Ra4+ Kg5 63. Ra5+ Kg4 64. Ra4+ Kg5 65. Ra5+ 1/2-1/2

[Event "December 5 Early 2023"]
[Site "https://www.chess.com"]
[Date "2023.12.05"]
[Round "6"]
[White "Lehtosaari, Mauri"]
[Black "Osmonbekov, Talaibek"]
[Result "1-0"]
[Board "158"]
[TimeControl "180+1"]
[WhiteFideId "501999"]
[BlackFideId "2017253"]
[WhiteElo "2479"]
[BlackElo "2208"]
[WhiteTeam "FIN"]
[BlackTeam "USA"]
[WhiteClock "0:01:02"]
[BlackClock "0:00:00"]

1. d4 e6 2. c4 f5 3. g3 Nf6 4. Bg2 Be7 5. Nh3 O-O 6. O-O d6 7. Nc3 e5 8. dxe5 dxe5 9. Nb5 h6 10. Be3 a6 11. Qxd8 Bxd8 12. Nc3 c6 13. Bc5 Re8 14. Rfd1 Nbd7 15. Ba3 Bb6 16. Na4 Ba7 17. c5 g5 18. Kf1 Kf7 19. Ng1 e4 20. e3 Ne5 21. Rac1 Be6 22. b3 Nd3 23. Rc2 Rad8 24. Ne2 Ng4 25. Nd4 Nxh2+ 26. Kg1 Ng4 27. Nxe6 Kxe6 28. Rcd2 Nge5 29. Bb2 Rd5 30. Bxe5 Nxe5 31. Rxd5 cxd5 32. b4 Rd8 33. Bf1 Nc6 34. a3 d4 35. exd4 Nxd4 36. Kg2 Rd7 37. Bc4+ Ke7 38. Nc3 Nf3 39. Rxd7+ Kxd7 40. Nd5 Bb8 41. Nf6+ 1-0

[Event "December 5 Early 2023"]
[Site "https://www.chess.com"]
[Date "2023.12.05"]
[Round "6"]
[White "Pourkashiyan, Atousa"]
[Black "Dimitrijevic, Darko"]
[Result "1-0"]
[Board "159"]
[TimeControl "180+1"]
[WhiteFideId "12502014"]
[BlackFideId "14500892"]
[WhiteElo "2477"]
[BlackElo "2201"]
[WhiteTeam "USA"]
[BlackTeam "CRO"]
[WhiteClock "0:00:52"]
[BlackClock "0:00:48"]

1. Nf3 g6 2. g3 Bg7 3. Bg2 b6 4. O-O Bb7 5. d3 Nf6 6. e4 O-O 7. e5 Ne8 8. d4 d5 9. Bg5 h6 10. Be3 c6 11. Qd2 Kh7 12. Nc3 Nc7 13. Ne2 Ne6 14. h4 h5 15. Nf4 Nxf4 16. Bxf4 Na6 17. Ng5+ Kg8 18. Bf3 Nc7 19. Qd3 Qd7 20. Bxh5 Ne6 21. Bg4 Nxf4 22. Bxd7 Nxd3 23. cxd3 Rfd8 24. Bg4 e6 25. h5 gxh5 26. Bxh5 Rd7 27. f4 Bh6 28. Nf3 Ba6 29. Rad1 Rc8 30. Kf2 c5 31. Rh1 Bf8 32. Rh4 cxd4 33. Rg4+ Bg7 34. Nxd4 Rdc7 35. f5 Kf8 36. f6 Bh6 37. Rh4 Rc1 38. Rxc1 Rxc1 39. Bxf7 Kxf7 40. Rxh6 Bxd3 41. Rh8 Rf1+ 42. Ke3 Bf5 43. Nf3 Rb1 44. Ng5+ Kg6 45. f7 Kxg5 46. f8=Q Rxb2 47. Qh6+ Kg4 48. Qf4# 1-0

[Event "December 5 Early 2023"]
[Site "https://www.chess.com"]
[Date "2023.12.05"]
[Round "6"]
[White "Buksa, Nataliya"]
[Black "Michalski, Olaf"]
[Result "1-0"]
[Board "160"]
[TimeControl "180+1"]
[WhiteFideId "14123622"]
[BlackFideId "1106740"]
[WhiteElo "2474"]
[BlackElo "2199"]
[WhiteTeam "UKR"]
[BlackTeam "POL"]
[WhiteClock "0:01:55"]
[BlackClock "0:00:22"]

1. d4 d6 2. Nc3 Nd7 3. e4 e5 4. Nf3 Ngf6 5. Bc4 Be7 6. O-O O-O 7. Re1 c6 8. a4 a5 9. h3 Qc7 10. b3 b6 11. Bb2 Bb7 12. Bd3 Rfe8 13. Ne2 g6 14. Ng3 Bf8 15. c4 exd4 16. Nxd4 Bg7 17. Bc2 Nc5 18. Qd2 Re7 19. Re2 Rae8 20. Rae1 h5 21. Ngf5 Ncxe4 22. Nxe7+ Rxe7 23. Bxe4 Nxe4 24. Rxe4 1-0

[Event "December 5 Early 2023"]
[Site "https://www.chess.com"]
[Date "2023.12.05"]
[Round "6"]
[White "Wieczorek, Zbigniew"]
[Black "Iljin, Timofey"]
[Result "0-1"]
[Board "161"]
[TimeControl "180+1"]
[WhiteFideId "1102001"]
[BlackFideId "14110180"]
[WhiteElo "2207"]
[BlackElo "2470"]
[WhiteTeam "POL"]
[BlackTeam "UKR"]
[WhiteClock "0:02:06"]
[BlackClock "0:02:13"]

1. d4 f5 2. Nc3 Nf6 3. Bg5 d5 4. Bxf6 exf6 5. e3 Be6 6. Bd3 Qd7 7. Nge2 Nc6 8. a3 g6 9. Nf4 Bf7 10. h4 h5 11. Qf3 O-O-O 12. O-O Kb8 13. b4 g5 14. Nfe2 Be6 15. Kh1 Bd6 16. Na4 g4 0-1

[Event "December 5 Early 2023"]
[Site "https://www.chess.com"]
[Date "2023.12.05"]
[Round "6"]
[White "Abdilkhair, Abilmansur"]
[Black "Shevchuk, Olexandr"]
[Result "1-0"]
[Board "162"]
[TimeControl "180+1"]
[WhiteFideId "13716417"]
[BlackFideId "14113775"]
[WhiteElo "1797"]
[BlackElo "2459"]
[WhiteTeam "KAZ"]
[BlackTeam "UKR"]
[WhiteClock "0:00:15"]
[BlackClock "0:00:16"]

1. e4 e6 2. Qe2 d5 3. exd5 Qxd5 4. Nc3 Qd8 5. g3 c5 6. Bg2 Nc6 7. Nf3 Nge7 8. d3 Nf5 9. O-O Be7 10. Bf4 O-O 11. Nb5 a6 12. Na3 f6 13. c3 Ra7 14. Nc4 b5 15. Ne3 Nxe3 16. Bxe3 Rd7 17. d4 cxd4 18. Nxd4 Nxd4 19. Bxd4 e5 20. Be3 Bb7 21. a4 Bxg2 22. Kxg2 Qb8 23. axb5 axb5 24. Ra5 b4 25. c4 b3 26. Rb5 Qa8+ 27. Qf3 Qa4 28. Qc6 Rd3 29. Qe6+ Kh8 30. Qxe7 Rfd8 31. Rd5 R3xd5 32. cxd5 Qe4+ 33. Kg1 Qxd5 34. Bc5 h5 35. h4 Rc8 36. Bb4 Qf3 37. Bc3 Rc4 38. Qe6 Re4 39. Qxb3 Rxh4 40. Qb8+ Kh7 41. gxh4 Qg4+ 42. Kh2 Qxh4+ 43. Kg2 Qg4+ 44. Kh2 Qf4+ 45. Kg2 h4 46. Qc8 e4 47. Qh3 g5 48. Rd1 Kg6 49. Rd8 Qc7 50. Rd5 Qf4 51. Qf5+ Qxf5 52. Rxf5 Kxf5 53. b4 Ke6 54. b5 f5 55. b6 Kd6 56. Bf6 Kc6 57. Bxg5 Kxb6 58. Be3+ Kc6 59. Kh3 Kd5 60. Kxh4 f4 61. Bxf4 Kd4 62. Be3+ Kd3 63. Kg4 Ke2 64. Kf4 Kd3 65. Ke5 1-0

[Event "December 5 Early 2023"]
[Site "https://www.chess.com"]
[Date "2023.12.05"]
[Round "6"]
[White "Vanek, Tomas"]
[Black "Senft, Sean"]
[Result "0-1"]
[Board "163"]
[TimeControl "180+1"]
[WhiteFideId "313459"]
[BlackFideId "2044960"]
[WhiteElo "2150"]
[BlackElo "2489"]
[WhiteTeam "CZE"]
[BlackTeam "USA"]
[WhiteClock "0:00:02"]
[BlackClock "0:00:15"]

1. e4 c5 2. Nf3 d6 3. d4 cxd4 4. Nxd4 Nf6 5. Nc3 a6 6. h3 e6 7. g4 Be7 8. g5 Nfd7 9. Rg1 Nc6 10. Be3 O-O 11. Qd2 Qc7 12. O-O-O b5 13. Nf5 exf5 14. Nd5 Qd8 15. exf5 Re8 16. g6 fxg6 17. fxg6 h5 18. Qe2 Nf8 19. Qxh5 Be6 20. Bg2 Rc8 21. Nf4 Bxa2 22. b3 Nb4 23. Bd5+ Nxd5 24. Qxd5+ Kh8 25. Qh5+ Kg8 26. Qd5+ Kh8 27. Bd4 Bxb3 28. Qxb3 Bf6 29. Rg5 Bxg5 30. Bxg7+ Kxg7 31. Qf7+ Kh6 32. g7 Bxf4+ 33. Kb1 Ng6 34. Rg1 Bg5 35. h4 Nxh4 36. Rh1 Qf6 37. g8=N+ Rxg8 38. Qd5 Rc5 39. Qd3 Rgc8 40. Re1 Rxc2 41. Qxc2 Rxc2 42. Kxc2 Qxf2+ 43. Kd1 Qd2# 0-1

[Event "December 5 Early 2023"]
[Site "https://www.chess.com"]
[Date "2023.12.05"]
[Round "6"]
[White "Martin, Lewis"]
[Black "Kaplan, Avi Harrison"]
[Result "1-0"]
[Board "164"]
[TimeControl "180+1"]
[WhiteFideId "410551"]
[BlackFideId "30934559"]
[WhiteElo "2262"]
[BlackElo "2467"]
[WhiteTeam "ENG"]
[BlackTeam "USA"]
[WhiteClock "0:01:23"]
[BlackClock "0:00:21"]

1. c4 c6 2. g3 d5 3. Bg2 dxc4 4. Na3 Be6 5. Qc2 Nf6 6. Nxc4 g6 7. b3 Bg7 8. Bb2 O-O 9. Nf3 Na6 10. a3 Nc5 11. b4 Ncd7 12. O-O Qc7 13. Rac1 Rfd8 14. Ng5 Bd5 15. e4 Bxc4 16. Qxc4 e6 17. f4 Nb6 18. Qb3 Rxd2 19. Be5 Qd8 20. Rfd1 Ng4 21. Bxg7 e5 22. Qxf7# 1-0

[Event "December 5 Early 2023"]
[Site "https://www.chess.com"]
[Date "2023.12.05"]
[Round "6"]
[White "Mizzi, Jack"]
[Black "Minina, Veronika"]
[Result "1-0"]
[Board "165"]
[TimeControl "180+1"]
[WhiteFideId "5602521"]
[BlackFideId "4174780"]
[WhiteElo "2447"]
[BlackElo "2259"]
[WhiteTeam "MLT"]
[BlackTeam "RUS"]
[WhiteClock "0:00:14"]
[BlackClock "0:00:48"]

1. d4 Nf6 2. c4 g6 3. g3 Bg7 4. Bg2 d6 5. Nf3 O-O 6. O-O c6 7. Nc3 Qa5 8. e4 Qh5 9. Ng5 Qxd1 10. Rxd1 c5 11. dxc5 dxc5 12. Nb5 Nc6 13. Be3 h6 14. Nh3 Nxe4 15. Bxe4 Bxh3 16. Bxc5 Bxb2 17. Rab1 Bf6 18. Nc7 Rac8 19. Rxb7 Na5 20. Rxa7 Nxc4 21. Rc1 Nd2 22. Bg2 Bf5 23. Nd5 Bb2 24. Nxe7+ Kh7 25. Nxc8 Rxc8 26. Rxf7+ Kg8 27. Bd5 Kh8 28. Rxf5 Bxc1 29. Bd4+ Kh7 30. Rf7+ Kg8 31. Rc7+ Kf8 32. Bg7+ Ke8 33. Rxc8+ Kd7 34. Rxc1 Kd6 35. Rd1 1-0

[Event "December 5 Early 2023"]
[Site "https://www.chess.com"]
[Date "2023.12.05"]
[Round "6"]
[White "Parra Gomez, Adrian"]
[Black "Sami, Sama"]
[Result "0-1"]
[Board "166"]
[TimeControl "180+1"]
[WhiteFideId "3513106"]
[BlackFideId "4802926"]
[WhiteElo "2424"]
[BlackElo "2259"]
[WhiteTeam "CUB"]
[BlackTeam "IRQ"]
[WhiteClock "0:00:00"]
[BlackClock "0:00:35"]

1. d4 Nf6 2. c4 e6 3. Nc3 Bb4 4. f3 c5 5. d5 b5 6. e4 d6 7. Ne2 bxc4 8. Nf4 e5 9. Ne2 Nbd7 10. Ng3 Nb6 11. Be2 Ng8 12. O-O Ne7 13. f4 exf4 14. Bxf4 Ng6 15. Nf5 Nxf4 16. Rxf4 Bxc3 17. bxc3 Bxf5 18. exf5 O-O 19. f6 gxf6 20. Bxc4 Nxc4 21. Rxc4 f5 22. Qf3 Qf6 23. Rf1 Rfe8 24. Rg4+ Kf8 25. Qg3 Qe5 26. Rg8+ Ke7 27. Qg5+ Kd7 28. Rxf5 Qe1+ 29. Rf1 Qxf1+ 30. Kxf1 Rxg8 31. Qf5+ Ke7 32. Qe4+ Kd8 33. Qxh7 Ke7 34. Qe4+ Kd7 35. Qf5+ Ke7 36. h4 Rg6 0-1

[Event "December 5 Early 2023"]
[Site "https://www.chess.com"]
[Date "2023.12.05"]
[Round "6"]
[White "Ernst, Luca"]
[Black "Eggleston, Thomas A"]
[Result "1-0"]
[Board "167"]
[TimeControl "180+1"]
[WhiteFideId "45117055"]
[BlackFideId "412139"]
[WhiteElo "2250"]
[BlackElo "2332"]
[WhiteTeam "FRA"]
[BlackTeam "ENG"]
[WhiteClock "0:01:19"]
[BlackClock "0:01:18"]

1. c4 g6 2. Nc3 c5 3. b3 Bg7 4. Bb2 Nc6 5. e3 Nf6 6. Qc2 O-O 7. Nf3 d5 8. cxd5 Nb4 9. Qb1 Nfxd5 10. Nxd5 Qxd5 11. Bxg7 Bf5 12. Qb2 Nc2+ 13. Kd1 Rfd8 14. Bc4 Qe4 15. Bxf7+ Kxf7 16. Ng5+ Kg8 17. Nxe4 Bxe4 18. Bh6 Nd4 19. exd4 Rxd4 20. Be3 Rd5 21. f3 Bf5 22. Ke1 Rad8 23. g4 Bd3 24. Rc1 b6 25. Kf2 e5 26. h4 e4 27. f4 h5 28. Qf6 R8d6 29. Qe7 Rd7 30. Qe8+ Kh7 31. gxh5 gxh5 32. Rhg1 1-0

[Event "December 5 Early 2023"]
[Site "https://www.chess.com"]
[Date "2023.12.05"]
[Round "6"]
[White "Vorons, Uldis"]
[Black "Chirivi C, Jenny Astrid"]
[Result "1-0"]
[Board "168"]
[TimeControl "180+1"]
[WhiteFideId "11611758"]
[BlackFideId "4403061"]
[WhiteElo "2242"]
[BlackElo "2310"]
[WhiteTeam "LAT"]
[BlackTeam "COL"]
[WhiteClock "0:00:15"]
[BlackClock "0:00:00"]

1. e4 c5 2. Nf3 e6 3. g3 a6 4. Bg2 b5 5. O-O Bb7 6. Re1 d6 7. d4 cxd4 8. Nxd4 Nd7 9. Nc3 Be7 10. Qg4 Bf6 11. Be3 h5 12. Qe2 Qc7 13. Rad1 Be7 14. Ndxb5 axb5 15. Nxb5 Qb8 16. Qc4 Ra5 17. Bd2 Ne5 18. Qc7 Ra8 19. Bb4 Qxc7 20. Nxc7+ Kd7 21. Nxa8 Bxa8 22. f4 Nc4 23. b3 Nb6 24. c4 Kc7 25. e5 Bxg2 26. exd6+ Bxd6 27. Bxd6+ Kb7 28. Kxg2 Nf6 29. Be5 Ra8 30. Rd2 Ne8 31. Red1 g6 32. a4 Kc6 33. Kf3 f6 34. Bd4 Nd7 35. Re2 e5 36. fxe5 fxe5 37. Bxe5 Nxe5+ 38. Rxe5 Nc7 39. c5 Rf8+ 40. Ke4 Rf2 41. Rd6+ Kb7 42. Ke3 Rb2 43. Rb6+ Kc8 44. h4 Rg2 45. Rg5 1-0

[Event "December 5 Early 2023"]
[Site "https://www.chess.com"]
[Date "2023.12.05"]
[Round "6"]
[White "Colonetti, Fabio"]
[Black "Shubhi Gupta"]
[Result "0-1"]
[Board "169"]
[TimeControl "180+1"]
[WhiteFideId "897612"]
[BlackFideId "25195425"]
[WhiteElo "2278"]
[BlackElo "2292"]
[WhiteTeam "ITA"]
[BlackTeam "IND"]
[WhiteClock "0:01:10"]
[BlackClock "0:02:01"]

1. e4 e5 2. d4 exd4 3. Qxd4 Nc6 4. Qe3 Nf6 5. Nc3 Bb4 6. Bd2 O-O 7. O-O-O Re8 8. Bd3 d5 9. Qg3 d4 10. Bh6 g6 11. Bc4 Bxc3 12. bxc3 Nxe4 13. Qf4 Qe7 14. Ne2 Nxc3 15. Nxc3 dxc3 16. Kb1 Be6 17. Rhe1 Qa3 0-1

[Event "December 5 Early 2023"]
[Site "https://www.chess.com"]
[Date "2023.12.05"]
[Round "6"]
[White "Cardozo Munar, Carlos Eduardo"]
[Black "Petrukhina, Olga"]
[Result "1-0"]
[Board "170"]
[TimeControl "180+1"]
[WhiteFideId "4409477"]
[BlackFideId "13703935"]
[WhiteElo "2280"]
[BlackElo "2224"]
[WhiteTeam "COL"]
[BlackTeam "KAZ"]
[WhiteClock "0:01:14"]
[BlackClock "0:00:00"]

1. e4 e6 2. d4 d5 3. Bd3 dxe4 4. Bxe4 Nf6 5. Bf3 c5 6. Ne2 Nc6 7. c3 cxd4 8. Bxc6+ bxc6 9. Qxd4 Qxd4 10. Nxd4 Bb7 11. O-O O-O-O 12. Bf4 a6 13. h3 c5 14. Nb3 Be7 15. Na3 Nd5 16. Bg3 Nb6 17. Na5 Be4 18. Rad1 Rxd1 19. Rxd1 Rd8 20. Rxd8+ Kxd8 21. f3 Ba8 22. Kf1 Kd7 23. Ke2 Bg5 24. Kd3 Bd5 25. N3c4 Nxc4 26. Nxc4 Bd8 27. b3 f6 28. Bf2 Kc6 29. Ne3 Kd6 30. Nc4+ Kc6 31. Ne3 Kd6 32. c4 Bc6 33. Nd1 g5 34. Nc3 f5 35. a3 Ba5 36. Ne2 h5 37. Be3 Bd8 38. b4 cxb4 39. axb4 Ba4 40. Nc3 Bd7 41. Bc5+ Kc6 42. Bd4 Be7 43. b5+ axb5 44. Nxb5 Bc5 45. Bf6 g4 46. hxg4 hxg4 47. fxg4 fxg4 48. Nc3 Bg1 49. Ne4 Kc7 50. Be5+ Kc6 51. Nf6 Bc8 52. Nxg4 Bb7 53. Bd4 1-0